 Dungeon Crawl Stone Soup version 0.18-a0-49-gd105b5a (webtiles) character file.

147 SlimeFever the Covered (level 5, 0/49 HPs)
             Began as a Deep Dwarf Fighter on Nov 6, 2015.
             Slain by Sigmund
             ... wielding a +0 scythe
              (4 damage)
             ... on level 3 of the Dungeon.
             The game lasted 00:14:43 (1804 turns).

SlimeFever the Covered (Deep Dwarf Fighter)         Turns: 1804, Time: 00:14:43

Health: 0/49       AC: 10    Str: 20    XL:     5   Next: 7%
Magic:  5/5        EV:  8    Int:  9    God:
Gold:   118        SH:  9    Dex: 12    Spells: 0 memorised, 4 levels left

rFire  . . .     SeeInvis .     a - +0 war axe
rCold  . . .     Clarity  .     b - +0 scale mail
rNeg   . . .     SustAt   .     c - +0 shield
rPois  .         Gourm    .     (no helmet)
rElec  .         Spirit   .     (no cloak)
rCorr  .         Warding  .     r - +0 pair of gloves
rMut   .         Stasis   .     h - +1 pair of boots
MR     .....                    (no amulet)
Stlth  ..........               (no ring)
                                (no ring)

@: lethally poisoned (0 -> 0), non-regenerating, not resistant to hostile
enchantments, extremely unstealthy
A: damage resistance, recharge devices, sense surroundings 1, slow regeneration
3
a: Device Recharging


You were on level 3 of the Dungeon.
You were not hungry.

You visited 1 branch of the dungeon, and saw 3 of its levels.

You collected 118 gold pieces.

Inventory:

Hand Weapons
 a - a +0 war axe (weapon)
Missiles
 g - 20 bolts
 l - 7 javelins of returning (quivered)
Armour
 b - a +0 scale mail (worn)
 c - a +0 shield (worn)
 h - a +1 pair of boots (worn)
 r - a +0 pair of gloves (worn)
Wands
 e - a wand of heal wounds (2)
 o - a wand of flame (22)
Scrolls
 j - 2 scrolls of identify
 n - 2 scrolls of enchant armour
Potions
 d - a potion of might
 i - a potion of cure mutation
 k - 2 potions of ambrosia {unknown}
 p - a potion of agility
 s - 2 potions of brilliance {unknown}
Comestibles
 f - 4 bread rations
 m - a beef jerky


   Skills:
 + Level 3.1 Fighting
 * Level 3.3 Axes
 * Level 4.7 Armour
 + Level 1.4 Dodging
 + Level 3.8 Shields
 + Level 0.3 Evocations


You had 4 spell levels left.
You didn't know any spells.

Dungeon Overview and Level Annotations

Branches:
Dungeon (3/15)

Altars:
Nemelex Xobeh

Annotations:
D:3 Sigmund


Innate Abilities, Weirdness & Mutations

You are resistant to damage.
You can recharge devices by infusing magical energy.
You passively map a small area around you.
You do not regenerate naturally.


Message History

The orc is severely wounded.
Something hits you but does no damage. The orc misses you.
You hit the orc.
You kill the orc!
You hear some strange, mumbled words.
You are confused.
That item cannot be evoked!
Evoke which item? (* to show all) (? for menu, Esc to quit)
Zapping:
e - a wand of heal wounds (3)
Press: ? - help, Shift-Dir - straight line, f - you Nothing appears to happen.
This wand has 2 charges left.
Something hits you but does no damage.
You bump into the rock wall.
Something hits you.
* * * LOW HITPOINT WARNING * * *
You bump into the rock wall.
Something hits you.
You bump into the rock wall.
You feel less confused. Something hits you.
You die...

≈ ≈≈ , * , ≈.≈# .... *
≈.### ......., #.....
......... *<...
.......... #... ** ,
#..$.....# ##..#* *
#........## #..#
..........####@###
............)....#** *
..........#.####..<...
* ......†).>..#
*###### .......<[.###
* * * ........)##* *
##........> , *
....###.##?.. , * ###
#.# .S... * *,


There were no monsters in sight!

Vanquished Creatures
  A giant frog (D:3)
  2 adders
  2 worms (D:2)
  2 giant geckos (D:1)
  3 orcs (D:3)
  2 giant cockroaches (D:2)
  3 hobgoblins (D:1)
  4 jackals (D:2)
  11 kobolds
  6 bats
  2 giant newts
  6 goblins
  5 rats
49 creatures vanquished.

Vanquished Creatures (others)
  A worm (D:2)
  A goblin (D:2)
  A kobold (D:2)
  A rat (D:2)
4 creatures vanquished.

Grand Total: 53 creatures vanquished

Notes
Turn   | Place    | Note
--------------------------------------------------------------
     0 | D:1      | SlimeFever the Deep Dwarf Fighter began the quest for the Orb.
     0 | D:1      | Reached XP level 1. HP: 20/20 MP: 1/1
    21 | D:1      | Noticed an ogre
   179 | D:1      | Reached XP level 2. HP: 25/27 MP: 2/2
   356 | D:1      | Found a sparkling altar of Nemelex Xobeh.
   901 | D:2      | Reached XP level 3. HP: 8/33 MP: 3/3
  1364 | D:2      | Reached skill level 4 in Armour
  1769 | D:3      | Noticed Sigmund
  1769 | D:3      | Noticed a giant frog
  1782 | D:3      | HP: 1/34 [giant frog (4)]
  1786 | D:3      | Killed a giant frog
  1786 | D:3      | Reached skill level 1 in Dodging
  1786 | D:3      | Reached XP level 4. HP: 12/42 MP: 4/4
  1786 | D:3      | Reached XP level 5. HP: 14/49 MP: 5/5
  1804 | D:3      | Slain by Sigmund

Vault maps used:
D:1:      evilmike_arrival_come_back, nemelex_deck
D:2:      first_bread, lemuel_old_faithful
D:3:      yredelemnul_altar_generic, nicolae_overflow_crystal_walls,
          gup_sewer_entry_pipe, ecumenical_altar_2,
          hangedman_abyss_or_decor_lesser_grid, uniq_sigmund

Action                   |  1- 3 |  4- 6 || total
-------------------------+-------+-------++-------
Melee: War axe           |   128 |    12 ||   140
Evoke: Wand              |     2 |     1 ||     3
  Use: Scroll            |     5 |       ||     5
  Eat: Fruit             |     2 |       ||     2
       Meat ration       |     1 |       ||     1
